 Dungeon Crawl Stone Soup version 0.31-a0-1029-ge8c24b2130 (webtiles) character file.

Game seed: 3786278976173624094

4 jt the Chiller (level 1, 0/18 HPs)
             Began as a Naga Ice Elementalist on Nov 19, 2023.
             Slain by a frilled lizard (2 damage)
             ... on level 1 of the Dungeon.
             The game lasted 00:01:04 (145 turns).

jt the Chiller (Naga Ice Elementalist)               Turns: 145, Time: 00:01:04

Health: 0/18       AC:  1    Str: 10    XL:     1   Next: 70%
Magic:  0/3        EV:  9    Int: 15    God:
Gold:   19         SH:  0    Dex: 11    Spells: 3/4 levels left

rFire   . . .        (no weapon)
rCold   . . .        (no shield)
rNeg    . . .        a - +0 robe
rPois   +            (no helmet)
rElec   .            (no cloak)
rCorr   .            (no gloves)
SInv    +            (no barding)
Will    .....        (no amulet)
Stlth   ++           (no ring)
HPRegen 0.23/turn    (no ring)
MPRegen 0.08/turn

%: no passive effects
@: short of breath, very slow
A: AC +0, large, see invisible, deformed body, poison resistance, slowness 2,
spit poison 1, naga tail 1
a: Spit Poison


You were on level 1 of the Dungeon.
You visited 1 branch of the dungeon, and saw 1 of its levels.

You collected 19 gold pieces.

Inventory:

Missiles
 c - 8 stones
Armour
 a - a +0 robe (worn)
Scrolls
 d - a scroll of vulnerability
 e - a scroll of identify
Potions
 b - a potion of magic


   Skills:
 + Level 1.2 Fighting
 - Level 1.5 Dodging
 - Level 3.0 Stealth
 - Level 2.0 Spellcasting
 - Level 4.0 Ice Magic


You had 3 spell levels left.
You knew the following spells:

 Your Spells              Type           Power      Damage    Failure   Level
a - Freeze                Ice            52%        1d6       4%          1

Your spell library contained the following spells:

 Spells                   Type           Power      Damage    Failure   Level
 Frozen Ramparts          Ice            26%        1d4       13%         3
 Ozocubu's Armour         Ice            13%        N/A       13%         3
 Summon Ice Beast         Ice/Summ       7%         N/A       67%         4


Dungeon Overview and Level Annotations

Branches:
Dungeon (1/15)

Altars:


Innate Abilities, Weirdness & Mutations

Your serpentine skin is tough. (AC +0)
You have supernaturally acute eyesight. (SInv)
Armour fits poorly on your strangely shaped body.
Your system is resistant to poisons. (rPois)
You cover ground very slowly.
You can spit poison.
You have a snake-like lower body.


Message History

The goblin closely misses you.
Casting: Freeze (safe; 4% risk of failure)
Confirm with . or Enter, or press ? or * to list all spells.
Aiming: Freeze (safe; 4% risk of failure)
Press: ? - help, Shift-Dir - straight line, f/p - goblin
Aim: a goblin, wielding a +0 dagger (severely wounded)
You freeze the goblin.
You kill the goblin!
The bat hits you.
Your Fighting skill increases to level 1!
You hit the ball python.
The ball python is severely wounded.
The frilled lizard bites you. The ball python bites you.
You closely miss the ball python.
The ball python is severely wounded.
The ball python bites you. The frilled lizard closely misses you.
You hit the ball python.
You kill the ball python!
You have got your breath back.
The bat hits you. x2; The frilled lizard bites you.
You closely miss the frilled lizard. The bat closely misses you.
The frilled lizard bites you.
Your magical contamination has completely faded away.
Aiming: Spit Poison (3% risk of failure)
Press: ? - help, Shift-Dir - straight line, f - frilled lizard
Aim: a frilled lizard (31% to hit)
The splash of poison misses the frilled lizard.
The splash of poison hits the hobgoblin.
The hobgoblin is severely wounded.
The bat hits you. The frilled lizard bites you.
* * * LOW HITPOINT WARNING * * *
Okay, then.
As you read the scroll labelled HOSOIRY ZOUKLO, it crumbles to dust.
It is a scroll of identify.
d - a scroll of vulnerability The frilled lizard bites you.
* * * LOW HITPOINT WARNING * * *
You aren't carrying any items that you can evoke.
You miss the frilled lizard. The frilled lizard bites you.
You die...

......... #........
#........ ....b....####
....... ............#
...... ............#
#+#.....
.......##...######.#.....
......gl@...#...##.#....#
.......##.......##.#.....
....... #.......##....#.#
....... #.......)'.......
....... #.......##......#
....... #####...##......#
#####≈≈≈≈≈≈≈≈≈#####≈≈≈≈≈≈
#≈#######≈#~♣~#≈#####
####8####8...


You could see a hobgoblin and a frilled lizard.

Vanquished Creatures
  2 ball pythons (D:1)
  2 goblins (D:1)
4 creatures vanquished.

Notes
Turn   | Place    | Note
-------+----------+-------------------------------------------
     0 | D:1      | jt the Naga Ice Elementalist began the quest for the Orb.
     0 | D:1      | Reached XP level 1. HP: 15/15 MP: 3/3
   139 | D:1      | Reached skill level 1 in Fighting
   145 | D:1      | Slain by a frilled lizard

Illustrated notes

Levels and vault maps discovered:
D:1:      saegor_arrival_fortress, layout_basic, st_stairs_4, moated_statue

Skill      XL: |  1 |
---------------+----+-----
Fighting       | 1 |  1.2
Dodging        | |  1.5
Stealth        | |  3.0
Spellcasting   | |  2.0
Ice Magic      | |  4.0

Action                     || total
---------------------------++-------
  Melee: Unarmed           ||     6
   Cast: Freeze            ||     4
Ability: Spit Poison       ||     2
    Use: Scroll            ||     1
 Armour: Robe              ||    15
  Dodge: Dodged            ||     5

Table legend: (Time is in decaauts)
 A = Elapsed time spent in this place.
 B = Non-inter-level travel time spent in this place.
 C = Inter-level travel time spent in this place.
 D = Time resting spent in this place.
 E = Time spent auto-exploring this place.
 F = Levels seen in this place.
 G = Mean time per level.
                   A        B        C        D        E       F      G
               +--------+--------+--------+--------+--------+-----+--------+
         Total |    181 |    181 |      0 |     22 |     91 |   1 |  181.0 |
       Dungeon |    181 |    181 |      0 |     22 |     91 |   1 |  181.0 |
               +--------+--------+--------+--------+--------+-----+--------+

Top non-repeatable levels by time:
     D:1: 181 daAuts
